AoeStats
← ZamSerg

Black Forest

507676877Analyzed
4v4 RM · 13d ago on Sep 19, 2026· 54m 21s· 8 players
Game mode
Random Map
Map size
Large (8 player)
Population
200
Speed
Normal
Resources
Standard
Victory
Conquest
Starting age
Dark Age
Ending age
Imperial Age
RankedLock teamsTeams togetherTeam positionsShared explorationLock speedFull tech treeHidden civsTurbo modeCheats
Victory
Defeat
🇩🇪 Persians · Germany
1267
+13
🇬🇧 Japanese · United Kingdom
1250
+14
🇦🇹 Bengalis · Austria
1248
+14
🇷🇺 Mongols · Russia
1233
+14
🇦🇷 Persians · Argentina
1229
-15
🇮🇳 Georgians · India
1197
-14
🇨🇳 Romans · China
1193
-13
🇭🇰 Poles · Hong Kong SAR China
1173
-13
SeppShover
11:31 Feudal Age
15:02 Castle Age
13:30 Double-Bit Axe
14:02 Horse Collar
17:30 Loom
21:15 Bow Saw
21:35 Heavy Plow
23:35 Wheelbarrow
24:09 Gold Mining
25:39 Hand Cart
26:02 Gold Shaft Mining
29:36 Imperial Age
27:09 Fletching
27:46 Bodkin Arrow
28:48 Stone Mining
29:29 Husbandry
29:40 Bloodlines
30:08 Ballistics
29:56 Caravan
29:39 Elite Elephant Archer
30:52 Bracer
30:58 Scale Barding Armor
32:39 Chain Barding Armor
32:00 Light Cavalry
33:07 Padded Archer Armor
34:36 Crop Rotation
35:09 Two-Man Saw
33:56 Town Watch
35:22 Chemistry
34:34 Scale Mail Armor
34:44 Forging
35:16 Leather Archer Armor
34:54 Pikeman
36:08 Paiks
36:24 Conscription
36:40 Ring Archer Armor
37:10 Chain Mail Armor
37:51 Forging
37:46 Halberdier
38:26 Squires
38:12 Arson
39:43 Iron Casting
40:16 Elite Skirmisher
52:09 Man-at-Arms
boluwatifeajibade
2:46 Loom
10:58 Feudal Age
11:26 Man-at-Arms
12:22 Double-Bit Axe
17:09 Horse Collar
20:57 Castle Age
20:58 Fletching
21:48 Wheelbarrow
21:55 Bow Saw
25:28 Heavy Plow
28:56 Gold Mining
28:57 Stone Mining
29:23 Hand Cart
33:57 Imperial Age
33:12 Gold Shaft Mining
33:00 Ballistics
32:51 Masonry
32:59 Husbandry
33:10 Bloodlines
33:54 Bodkin Arrow
34:09 Thumb Ring
34:47 Bracer
35:49 Chemistry
36:38 Parthian Tactics
36:15 Padded Archer Armor
37:13 Conscription
37:04 Heavy Cavalry Archer
39:17 Leather Archer Armor
38:52 Onager
41:20 Ring Archer Armor
49:06 Siege Engineers
sauer82
1:01 Loom
11:49 Feudal Age
12:50 Double-Bit Axe
16:05 Castle Age
14:31 Horse Collar
22:58 Town Watch
23:51 Wheelbarrow
25:21 Stone Mining
25:22 Gold Mining
28:00 Bow Saw
28:42 Gold Shaft Mining
28:11 Heavy Plow
28:58 Hand Cart
30:04 Scale Barding Armor
30:09 Forging
33:57 Imperial Age
31:30 Town Patrol
31:53 Chain Barding Armor
32:16 Stone Shaft Mining
32:43 Bloodlines
33:29 Husbandry
35:08 Plate Barding Armor
35:09 Iron Casting
34:37 Caravan
35:19 Elite War Elephant
36:20 Conscription
38:12 Blast Furnace
37:03 Fletching
43:08 Two-Man Saw
45:25 Bodkin Arrow
ZamSerg
0:48 Loom
12:26 Feudal Age
16:09 Castle Age
14:58 Double-Bit Axe
14:57 Horse Collar
17:30 Bow Saw
24:12 Caravan
25:09 Stone Mining
26:57 Wheelbarrow
26:26 Gold Mining
28:25 Heavy Plow
29:04 Gold Shaft Mining
30:26 Hand Cart
29:57 Town Watch
34:37 Imperial Age
32:03 Fletching
32:15 Padded Archer Armor
32:52 Bodkin Arrow
34:29 Leather Archer Armor
34:19 Scale Barding Armor
34:24 Pikeman
35:05 Squires
35:22 Fervor
35:42 Conscription
35:47 Drill
34:50 Onager
35:56 Bloodlines
35:47 Husbandry
38:45 Stone Shaft Mining
40:55 Hoardings
39:40 Elite Mangudai
40:07 Siege Onager
40:58 Murder Holes
41:23 Ballistics
42:04 Chemistry
41:10 Siege Engineers
41:16 Masonry
41:30 Heavy Camel Rider
43:48 Chemistry
47:49 Capped Ram
49:55 Siege Ram
51:55 Light Cavalry
53:04 Hussar
54:48 Chain Barding Armor
54:39 Forging
MU CHEN
10:19 Feudal Age
14:34 Castle Age
12:27 Double-Bit Axe
14:04 Horse Collar
15:50 Bow Saw
15:48 Heavy Plow
25:34 Wheelbarrow
24:47 Loom
24:51 Town Watch
29:30 Hand Cart
32:00 Imperial Age
30:17 Man-at-Arms
30:58 Squires
31:12 Forging
31:09 Scale Barding Armor
31:40 Gold Mining
31:45 Stone Mining
31:58 Town Patrol
32:15 Caravan
31:52 Long Swordsman
31:54 Pikeman
33:18 Iron Casting
32:45 Scale Mail Armor
33:10 Conscription
33:36 Gold Shaft Mining
33:10 Ballistas
33:28 Masonry
34:33 Chemistry
34:12 Siege Engineers
34:58 Crop Rotation
35:41 Blast Furnace
34:58 Chain Mail Armor
34:07 Legionary
34:57 Heavy Scorpion
35:00 Halberdier
36:25 Caravan
36:50 Chain Barding Armor
36:21 Fletching
36:31 Padded Archer Armor
38:55 Architecture
38:36 Fortified Wall
38:22 Murder Holes
38:18 Guard Tower
39:03 Architecture
38:57 Ballistics
38:47 Fortified Wall
38:33 Murder Holes
41:32 Keep
42:53 Capped Ram
45:25 Comitatenses
45:55 Plate Barding Armor
45:17 Bodkin Arrow
45:37 Leather Archer Armor
46:22 Guilds
46:42 Coinage
47:57 Fervor
47:59 Redemption
51:01 Block Printing
51:11 Illumination
50:47 Devotion
50:47 Atonement
50:44 Herbal Medicine
Lechugamer
9:58 Feudal Age
13:47 Castle Age
11:56 Double-Bit Axe
18:02 Horse Collar
21:34 Scale Barding Armor
22:04 Gold Mining
22:05 Stone Mining
25:36 Wheelbarrow
24:47 Loom
29:27 Imperial Age
27:27 Chain Barding Armor
27:18 Forging
27:33 Bow Saw
27:23 Heavy Plow
28:55 Bloodlines
30:14 Iron Casting
29:45 Husbandry
29:26 Elite War Elephant
30:40 Bow Saw
30:31 Heavy Plow
31:19 Conscription
32:53 Plate Barding Armor
33:10 Caravan
34:18 Blast Furnace
33:36 Hand Cart
35:43 Caravan
35:56 Guilds
36:17 Coinage
38:26 Chemistry
38:29 Devotion
39:36 Crop Rotation
40:06 Two-Man Saw
39:39 Citadels
39:23 Fletching
39:45 Masonry
44:04 Kamandaran
45:47 Gold Shaft Mining
45:03 Town Watch
49:05 Bodkin Arrow
49:43 Architecture
49:52 Hoardings
Salamander
1:37 Loom
11:13 Feudal Age
12:19 Feudal Age
16:02 Castle Age
14:26 Double-Bit Axe
15:18 Horse Collar
17:40 Bow Saw
17:31 Heavy Plow
21:08 Stone Mining
22:31 Stone Shaft Mining
22:36 Loom
24:43 Wheelbarrow
25:08 Gold Mining
25:26 Heavy Plow
25:38 Gold Mining
26:33 Town Watch
28:05 Hand Cart
28:29 Fervor
32:46 Imperial Age
30:09 Fletching
30:35 Fortified Wall
31:22 Sanctity
31:25 Bodkin Arrow
31:23 Guard Tower
32:11 Scale Mail Armor
32:24 Forging
31:56 Treadmill Crane
32:26 Masonry
32:38 Ballistics
32:14 Murder Holes
32:43 Ballistics
32:33 Scale Barding Armor
32:57 Svan Towers
32:18 Pikeman
32:59 Squires
32:44 Arson
32:44 Gambesons
33:17 Chain Mail Armor
33:10 Scale Barding Armor
33:42 Redemption
34:34 Keep
34:46 Iron Casting
34:47 Conscription
34:20 Man-at-Arms
35:36 Architecture
35:25 Block Printing
35:36 Guilds
35:44 Bracer
35:58 Arrowslits
37:15 Chemistry
37:18 Plate Mail Armor
37:48 Blast Furnace
36:10 Long Swordsman
38:27 Hoardings
38:03 Siege Engineers
37:24 Onager
39:06 Theocracy
39:16 Chain Barding Armor
39:01 Padded Archer Armor
38:23 Elite Skirmisher
39:02 Siege Onager
40:52 Hoardings
41:05 Crop Rotation
42:00 Devotion
41:51 Two-Handed Swordsman
42:49 Leather Archer Armor
44:04 Coinage
43:34 Caravan
44:02 Capped Ram
46:51 Siege Ram
49:52 Parthian Tactics
49:31 Champion
53:52 Bloodlines
53:43 Husbandry
53:04 Light Cavalry
54:08 Chain Barding Armor
53:58 Aznauri Cavalry
55:23 Plate Barding Armor
55:14 Faith
55:15 Heresy
EBE_3
3:33 Loom
13:14 Feudal Age
15:23 Wheelbarrow
22:44 Castle Age
21:30 Horse Collar
23:50 Heavy Plow
26:55 Double-Bit Axe
29:01 Bow Saw
33:37 Imperial Age
31:25 Gold Mining
32:13 Wheelbarrow
31:57 Stone Mining
33:37 Stone Shaft Mining
33:26 Husbandry
33:36 Bloodlines
35:29 Chemistry
35:03 Crop Rotation
34:52 Hand Cart
34:23 Town Watch
34:04 Cavalier
34:51 Scale Barding Armor
34:58 Forging
37:00 Szlachta Privileges
37:16 Conscription
37:41 Fortified Wall
38:31 Sanctity
38:11 Devotion
38:52 Chain Barding Armor
39:07 Iron Casting
40:09 Fletching
40:40 Guard Tower
40:36 Arrowslits
41:11 Ballistics
42:32 Keep
42:45 Light Cavalry
44:04 Iron Casting
46:26 Blast Furnace
45:21 Bodkin Arrow
Connection lost

Rejoining the realm…

Still unreachable

The connection could not be restored.

Session expired

The server has moved on; the page needs a fresh start.